 Dungeon Crawl Stone Soup version 0.28-a0-479-g5baa6b73be (webtiles) character file.

Game seed: 3645638178135740033

122407 ryw the Warrior (level 16, -34/110 HPs)
             Began as a Gargoyle Fighter on Sept 17, 2021.
             Was the Champion of Okawaru.
             Killed from afar by Nikola (66 damage)
             ... with an arc of chain lightning
             ... on level 1 of the Elven Halls.
             The game lasted 00:58:26 (25020 turns).

ryw the Warrior (Gargoyle Fighter)                 Turns: 25020, Time: 00:58:27

Health: -34/110    AC: 58    Str: 42    XL:     16   Next: 87%
Magic:  21/23      EV: 14    Int: 10    God:    Okawaru [******]
Gold:   768        SH:  0    Dex: 16    Spells: 15/15 levels left

rFire   . . .      SeeInvis .   e - +9 dire flail "Litau" {vorpal, Contam rC- Str+8 Dex+6}
rCold   x . .      Faith    .   (shield currently unavailable)
rNeg    + . .      Spirit   .   Q - +15 Maxwell's patent armour {-Cast -Tele rElec Will+ rCorr}
rPois   ∞          Reflect  .   G - +0 hat {Will+}
rElec   +          Harm     .   M - +1 cloak {rPois}
rCorr   +          Rampage  .   y - +1 pair of gloves
Will    +++..      NoTele   +   g - +2 pair of boots Stlth ..........NoCast +
                                V - amulet of Birdsong {Regen+ rCorr Str+3}
HPRegen 1.28/turn               p - +6 ring of strength
MPRegen 0.18/turn               C - +4 ring of protection

@: heroic, flying
A: sickness immunity, AC +12, big wings, negative energy resistance 1,
electricity resistance, torment resistance 1, petrification resistance
a: Renounce Religion, Heroism, Finesse, Duel


You were on level 1 of the Elven Halls.
You worshipped Okawaru.
Okawaru was exalted by your worship.
You visited 5 branches of the dungeon, and saw 22 of its levels.
You also visited: Bailey.

You collected 1960 gold pieces.
You spent 1192 gold pieces at shops.

Inventory:

Hand Weapons
 e - the +9 dire flail "Litau" (weapon) {vorpal, Contam rC- Str+8 Dex+6}
   (You acquired it on level 7 of the Dungeon)

   It inflicts extra damage upon your enemies.
   Str:       It affects your strength (+8).
   Dex:       It affects your dexterity (+6).
   rC:        It makes you vulnerable to cold.
   Contam:    It causes magical contamination when unequipped.
 F - the +9 hand crossbow "Nepauces" {speed, rElec}
   (Okawaru gifted it to you on level 3 of the Lair of Beasts)

   Attacks with this weapon are significantly faster.
   rElec:     It insulates you from electricity.
Missiles
 B - 2 boomerangs of dispersal
 L - 4 silver javelins (quivered)
Armour
 g - a +2 pair of boots (worn)
 y - a +1 pair of gloves (worn)
 G - a +0 hat of willpower (worn)
 M - a +1 cloak of poison resistance (worn)
 Q - the +15 Maxwell's patent armour (worn) {-Cast -Tele rElec Will+ rCorr}
   (Okawaru gifted it to you on level 5 of the Lair of Beasts)

   rElec:     It insulates you from electricity.
   -Cast:     It prevents spellcasting.
   -Tele:     It prevents most forms of teleportation.
   rCorr:     It protects you from acid and corrosion.
   Will:      It increases your willpower.
Jewellery
 p - a +6 ring of strength (left hand)
 C - a +4 ring of protection (right hand)
 V - the amulet of Birdsong (around neck) {Regen+ rCorr Str+3}
   (You acquired it on level 2 of the Orcish Mines)

   [amulet of regeneration]

   Str:       It affects your strength (+3).
   Regen:     It increases your rate of health regeneration.
   rCorr:     It protects you from acid and corrosion.
Wands
 b - a wand of acid (6)
 c - a wand of mindburst (15)
 x - a wand of iceblast (15)
 A - a wand of polymorph (24)
 N - a wand of flame (23)
 S - a wand of paralysis (9)
Scrolls
 a - a scroll of torment
 f - 2 scrolls of enchant weapon
 h - 6 scrolls of identify
 i - 2 scrolls of summoning
 q - 3 scrolls of magic mapping
 s - 8 scrolls of teleportation
 D - 4 scrolls of blinking
 E - 2 scrolls of fear
 I - a scroll of holy word
 O - 2 scrolls of amnesia
 P - 4 scrolls of fog
 R - a scroll of immolation
Potions
 d - 5 potions of haste
 j - 2 potions of berserk rage
 k - 9 potions of curing
 l - 5 potions of might
 m - 4 potions of lignification
 n - 3 potions of brilliance
 r - 9 potions of invisibility
 t - 2 potions of flight
 u - a potion of ambrosia {unknown}
 z - 2 potions of attraction
 J - 2 potions of mutation
 K - 2 potions of cancellation {unknown}
 T - 2 potions of resistance
Miscellaneous
 o - a condenser vane
 v - a piece from Xom's chessboard (15/15)
 U - a condenser vane


   Skills:
 * Level 15.8(20.8) Fighting
 - Level 14.0(19.0) Maces & Flails
 - Level 8.0(13.0) Throwing
 + Level 13.1(18.1) Armour
 - Level 5.1(10.1) Dodging
 - Level 5.0(10.0) Shields
 - Level 10.0 Invocations


You had 15 spell levels left.
You didn't know any spells.
Your spell library contained the following spells:

 Spells                   Type           Power      Damage    Failure   Level
 Magic Dart               Conj           0%         1d3       75%         1
 Shock                    Conj/Air       0%         1d3       75%         1
 Sting                    Tmut/Pois      0%         1d3       75%         1
 Poisonous Vapours        Pois/Air       0%         N/A       86%         2
 Searing Ray              Conj           0%         2d4       86%         2
 Slow                     Hex            0%         N/A       86%         2
 Static Discharge         Conj/Air       0%         N/A       86%         2
 Conjure Flame            Conj/Fire      0%         6-21      98%         3
 Gell's Gravitas          Tloc           0%         N/A       98%         3
 Ignite Poison            Fire/Tmut/Pois 0%         N/A       98%         3
 Inner Flame              Hex/Fire       0%         N/A       98%         3
 Lesser Beckoning         Tloc           0%         N/A       98%         3
 Portal Projectile        Hex/Tloc       0%         N/A       98%         3
 Swiftness                Air            0%         N/A       98%         3
 Teleport Other           Tloc           0%         N/A       98%         3
 Airstrike                Air            0%         N/A       100%        4
 Cause Fear               Hex            0%         N/A       100%        4
 Dispel Undead            Necr           0%         3d6       100%        4
 Fulminant Prism          Conj/Hex       0%         3d6       100%        4
 Olgreb's Toxic Radiance  Pois           0%         N/A       100%        4
 Sticky Flame             Conj/Fire      0%         2d3       100%        4
 Blade Hands              Tmut           0%         N/A       100%        5
 Borgnjor's Vile Clutch   Necr/Erth      0%         N/A       100%        5
 Excruciating Wounds      Necr           0%         N/A       100%        5
 Irradiate                Conj/Tmut      0%         3d13      100%        5
 Dragon Form              Tmut           0%         N/A       100%        7
 Discord                  Hex            0%         N/A       100%        8
 Lehudib's Crystal Spear  Conj/Erth      0%         10d2      100%        8
 Summon Guardian Golem    Hex/Summ       Unusable   N/A       N/A         3

Dungeon Overview and Level Annotations

Branches:
Dungeon (12/15)            Temple (1/1) D:7            Lair (6/6) D:9
 Shoals (0/4) Lair:4       Spider (0/4) Lair:4        Slime (0/5) Lair:5
    Orc (2/2) D:12            Elf (1/3) Orc:2        Bailey (visited)

Altars:
Ashenzari
Cheibriados
Dithmenos
Elyvilon
Fedhas
Gozag
Hepliaklqana
Kikubaaqudgha
Makhleb
Nemelex Xobeh
Okawaru
Qazlal
Ru
Sif Muna
Trog
Uskayaw
Vehumet
Wu Jian
Xom
Yredelemnul
Zin
The Shining One
Beogh
Jiyva

Shops:
D:6 *   D:7 !   D:8 [   Orc:2 (?[[

Annotations:
Lair:1 1 runed translucent door, EmilyW's ghost, journeyman MiFi
Elf:1 Nikola


Innate Abilities, Weirdness & Mutations

You are immune to sickness and miasma.
Your stone body is resilient. (AC +12)
You are immune to poison.
Your large and strong wings let you fly.
You resist negative energy. (rN+)
You are resistant to electric shocks. (rElec)
You are resistant to unholy torment.
You are immune to petrification.


Message History

A bolt of lightning appears from out of thin air!
The bolt of lightning hits you!! You resist.
The bolt of lightning hits Nikola!
You hear a shout! x3
There is an open door here.
Found 23 stones.
Nikola hits you with a +3 rapier of electrocution.
You sock Nikola!
Nikola is lightly wounded.
Nikola hits you with a +3 rapier of electrocution.
You puncture Nikola!
Nikola is lightly wounded.
You skewer Nikola like a kebab!!!
Nikola is moderately wounded.
Nikola hits you with a +3 rapier of electrocution!
You bludgeon Nikola!!
Nikola is heavily wounded.
You impale Nikola!!
Nikola is severely wounded.
Nikola drinks a potion.
Nikola is healed!
You thump Nikola!
Nikola is severely wounded.
Nikola mumbles some strange words.
Lightning arcs from Nikola's hands!
The bolt of lightning hits you!!! You resist.
* * * LOW HITPOINT WARNING * * *
A bolt of lightning appears from out of thin air!
The bolt of lightning hits Nikola!
You hear a shout! x2
Unknown command.
You gain the combat prowess of a mighty hero.
Nikola hits you but does no damage.
You sock Nikola!
Nikola is almost dead.
You closely miss Nikola.
Nikola is almost dead.
Nikola casts a spell.
Lightning arcs from Nikola's hands!
The bolt of lightning hits you!!! You resist.
Ouch! That really hurt!
You die...

##.........##
#...........#
#...).......#
+...........#
#...........#
#...........# ##
##.........'###.##
##.......##'#(..##
##.....####.@@..#
###'### #.......#
#.# #..)......#
#.# ##.......## #.
##.....## ##...##
##.## ##


You could see Nikola.

Vanquished Creatures
  Asterion (Elf:1)
  Gastronok (Lair:3)
  An orc warlord (Orc:1)
  A dire elephant (Lair:6)
  3 hydras
  2 catoblepae
  4 two-headed ogres
  3 death yaks (Lair:6)
  The ghost of lmSkywalker the Slicer, a novice MiFi (D:9)
  A deep troll shaman (Lair:6)
  A deep elf knight (Elf:1)
  A deep elf pyromancer (Elf:1)
  2 deep elf zephyrmancers (Elf:1)
  3 orc knights
  An orc sorcerer (Orc:2)
  An oklob plant (Lair:4)
  An ugly thing (D:12)
  17 elephants
  3 cyclopes (D:12)
  7 black mambas
  9 cane toads
  Maggie (D:8)
  Psyche (D:8)
  A gargoyle (D:12)
  An unseen horror (D:12)
  9 komodo dragons
  5 rime drakes
  4 kobold demonologists
  2 meliai (D:12)
  4 polar bears
  5 trolls
  15 blink frogs
  13 dream sheep
  2 shadows
  4 wyverns
  2 wraiths
  50 yaks
  2 vampires
  2 basilisks
  Grum (D:8)
  A steam dragon (D:8)
  7 vampire mosquitoes (D:12)
  3 wargs
  2 acid dragons (D:11)
  16 water moccasins
  2 black bears
  33 orc warriors
  2 ice beasts (D:9)
  2 necrophages (D:5)
  5 ogres
  A sky beast (D:8)
  18 wolves
  5 centaurs
  5 kobold brigands
  10 bullfrogs
  2 gnoll sergeants
  A scorpion (D:6)
  2 water moccasin skeletons
  12 killer bees
  11 wights
  A howler monkey (D:8)
  A jelly (D:6)
  A wyvern simulacrum (D:9)
  2 centaur zombies
  24 orc priests
  A hound (D:7)
  A gnoll shaman (D:7)
  A scorpion zombie (D:5)
  5 iguanas
  23 orc wizards
  2 hell rats (Lair:5)
  A centaur simulacrum (D:9)
  A hound zombie (D:5)
  17 gnolls
  4 adders
  7 river rats (Lair:5)
  2 shadow imps
  3 white imps
  A howler monkey simulacrum (D:9)
  2 worms
  87 orcs
  4 ball pythons
  8 endoplasms
  5 giant cockroaches
  6 goblins
  9 hobgoblins
  12 jackals
  3 quokkas (D:1)
  11 bats
  6 frilled lizards
  28 kobolds
  12 rats
  A bush (Lair:4)
620 creatures vanquished.

Vanquished Creatures (others)
  A deep elf pyromancer (Elf:1)
  An orc wizard (Orc:2)
  2 orcs (Orc:2)
  33 fungi
  27 plants
64 creatures vanquished.

Grand Total: 684 creatures vanquished

Notes
Turn   | Place    | Note
-------+----------+-------------------------------------------
     0 | D:1      | ryw the Gargoyle Fighter began the quest for the Orb.
     0 | D:1      | Reached XP level 1. HP: 14/14 MP: 1/1
    21 | D:1      | Found a faded altar of an unknown god.
    52 | D:1      | Reached XP level 2. HP: 11/19 MP: 2/2
   338 | D:1      | You fall into a shaft and drop 1 floor!
   442 | D:1      | Reached XP level 3. HP: 21/23 MP: 3/3
  1326 | D:2      | Reached XP level 4. HP: 27/29 MP: 4/4
  2840 | D:3      | Reached XP level 5. HP: 33/33 MP: 5/5
  2848 | D:3      | Reached skill level 4 in Fighting
  3002 | D:3      | Found an opulent altar of Gozag.
  3742 | D:4      | Found a stormy altar of Qazlal.
  3742 | D:4      | Found a blossoming altar of Fedhas.
  3743 | D:4      | Found a hide-covered altar of Uskayaw.
  3744 | D:4      | Got the Papyrus of Curses and the Rocks
  3745 | D:4      | Found a glowing silver altar of Zin.
  3793 | D:4      | Reached skill level 1 in Throwing
  4443 | D:5      | Entered Level 5 of the Dungeon
  4535 | D:5      | Noticed an ogre
  4542 | D:5      | Killed an ogre
  4543 | D:5      | Reached XP level 6. HP: 36/39 MP: 6/6
  4899 | D:5      | Reached XP level 7. HP: 44/44 MP: 7/7
  5370 | D:5      | Reached skill level 5 in Maces & Flails
  5427 | D:5      | Noticed a vampire
  5439 | D:5      | Killed a vampire
  5440 | D:5      | Reached skill level 5 in Fighting
  5440 | D:5      | Reached skill level 5 in Armour
  5440 | D:5      | Reached skill level 5 in Shields
  5633 | D:5      | Reached XP level 8. HP: 49/49 MP: 8/8
  5947 | D:6      | Found a bloodstained altar of Trog.
  6077 | D:6      | Found a shadowy altar of Dithmenos.
  6395 | D:6      | Found Qerir's Elemental Accessories.
  6888 | D:7      | Reached skill level 6 in Fighting
  7038 | D:7      | Found a staircase to the Ecumenical Temple.
  7771 | D:7      | Reached XP level 9. HP: 45/56 MP: 9/9
  7838 | D:7      | Found Moorphom's Distillery.
  8067 | Temple   | Entered the Ecumenical Temple
  8345 | Temple   | Became a worshipper of Warmaster Okawaru
  8814 | D:7      | Reached skill level 7 in Fighting
  8924 | D:8      | Reached * piety under Okawaru
  9073 | D:7      | Identified a scroll of acquirement
  9073 | D:7      | Acquired the +9 dire flail "Litau" {vorpal, Contam rC-
                  | Str+8 Dex+6}
  9180 | D:8      | Noticed Maggie
  9184 | D:8      | Noticed Psyche
  9193 | D:8      | Killed Maggie
  9197 | D:8      | Killed Psyche
  9198 | D:8      | Reached XP level 10. HP: 55/64 MP: 10/10
  9261 | D:8      | Reached ** piety under Okawaru
  9262 | D:8      | Reached skill level 8 in Fighting
  9466 | D:8      | Found Sipnoo Nung's Antique Armour Boutique.
  9475 | D:8      | Bought a smouldering chain mail for 256 gold pieces
  9475 | D:8      | Identified the +0 chain mail of Temperance {Dex+4} (You
                  | bought it in a shop on level 8 of the Dungeon)
  9539 | D:7      | Reached skill level 10 in Maces & Flails
  9766 | D:8      | Noticed Grum
  9785 | D:8      | Killed Grum
 10208 | D:9      | Reached *** piety under Okawaru
 10223 | D:9      | Noticed lmSkywalker's ghost (novice MiFi)
 10248 | D:9      | Found a runed translucent gate.
 10248 | D:9      | Found a runed translucent gate.
 10248 | D:9      | Found a runed translucent gate.
 10254 | D:9      | Identified the +5 scale mail of Mecef {rF- Int+3}
 10405 | D:9      | Found a flagged portal.
 10418 | Bailey   | Entered a bailey
 10418 | Bailey   | Noticed an orc knight
 10418 | Bailey   | Noticed an orc knight
 10421 | Bailey   | Noticed an orc knight
 10735 | D:9      | Killed an orc knight
 11012 | D:9      | Found a sparkling altar of Nemelex Xobeh.
 11057 | D:9      | Noticed a two-headed ogre
 11062 | D:9      | Killed a two-headed ogre
 11063 | D:9      | Reached skill level 9 in Fighting
 11127 | D:9      | Noticed a kobold demonologist
 11128 | D:9      | Noticed a kobold demonologist
 11137 | D:9      | Killed a kobold demonologist
 11142 | D:9      | Reached XP level 11. HP: 68/71 MP: 8/11
 11331 | D:9      | Found a staircase to the Lair.
 11895 | Lair:1   | Entered Level 1 of the Lair of Beasts
 11911 | Lair:1   | Received a gift from Okawaru
 11973 | Lair:1   | Noticed an eight-headed hydra
 11976 | Lair:1   | Reached **** piety under Okawaru
 12062 | Lair:1   | Reached skill level 1 in Invocations
 12151 | Lair:1   | Found a runed translucent door.
 12163 | Lair:1   | Noticed EmilyW's ghost (journeyman MiFi)
 12656 | Lair:1   | Killed an eight-headed hydra
 12788 | Lair:2   | Reached skill level 10 in Fighting
 12899 | Lair:2   | Reached ***** piety under Okawaru
 13836 | Lair:3   | Reached skill level 10 in Armour
 13984 | Lair:3   | Noticed a catoblepas
 14005 | Lair:3   | Killed a catoblepas
 14006 | Lair:3   | Reached XP level 12. HP: 62/79 MP: 12/14
 14114 | Lair:3   | Noticed Gastronok
 14125 | Lair:3   | Killed Gastronok
 14125 | Lair:3   | Reached ****** piety under Okawaru
 14125 | Lair:3   | Identified the +9 hand crossbow "Nepauces" {speed, rElec}
                  | (Okawaru gifted it to you on level 3 of the Lair of Beasts)
 14125 | Lair:3   | Received a gift from Okawaru
 14126 | Lair:3   | Reached skill level 11 in Fighting
 15070 | Lair:4   | Identified the +5 chain mail "Johefompid" {Int+4}
 15124 | Lair:4   | Received a gift from Okawaru
 15290 | Lair:4   | Found a staircase to the Shoals.
 15320 | Lair:4   | Reached skill level 1 in Dodging
 15322 | Lair:4   | Reached skill level 5 in Invocations
 15388 | Lair:4   | Found a shadowy altar of Dithmenos.
 15561 | Lair:4   | Found a hole to the Spider Nest.
 15683 | Lair:4   | Noticed an eight-headed hydra
 15691 | Lair:4   | Killed an eight-headed hydra
 15692 | Lair:4   | Reached skill level 12 in Fighting
 15692 | Lair:4   | Reached skill level 5 in Throwing
 15692 | Lair:4   | Reached XP level 13. HP: 62/86 MP: 13/17
 16426 | Lair:5   | Received a gift from Okawaru
 16426 | Lair:5   | Found the +15 Maxwell's patent armour {-Cast -Tele rElec
                  | Will+ rCorr}
 17285 | Lair:5   | Found a staircase to the Slime Pits.
 17285 | Lair:5   | Found a viscous altar of Jiyva.
 17495 | Lair:6   | Entered Level 6 of the Lair of Beasts
 17630 | Lair:6   | Reached skill level 13 in Fighting
 17894 | Lair:6   | Gained mutation: Your large and strong wings let you fly.
                  | [Gargoyle growth]
 17894 | Lair:6   | Reached XP level 14. HP: 94/94 MP: 19/19
 17919 | Lair:6   | Received a gift from Okawaru
 18202 | Lair:6   | Received a gift from Okawaru
 18455 | Lair:6   | Noticed a dire elephant
 18472 | Lair:6   | Killed a dire elephant
 18942 | Lair:6   | Reached skill level 14 in Fighting
 18942 | Lair:6   | Reached XP level 15. HP: 100/100 MP: 20/20
 18943 | Lair:6   | Reached skill level 5 in Dodging
 18943 | Lair:6   | Reached XP level 16. HP: 107/107 MP: 20/22
 19221 | D:9      | Killed lmSkywalker's ghost
 19582 | D:10     | Entered Level 10 of the Dungeon
 21180 | D:11     | Received a gift from Okawaru
 21898 | D:12     | Reached skill level 15 in Fighting
 22322 | D:12     | Identified the +7 plate armour of Viny Satisfaction {rPois
                  | Regen+ Slay-3} (Okawaru gifted it to you on level 12 of the
                  | Dungeon)
 22322 | D:12     | Received a gift from Okawaru
 22576 | D:12     | Found a staircase to the Orcish Mines.
 22752 | Orc:1    | Entered Level 1 of the Orcish Mines
 23221 | Orc:2    | Entered Level 2 of the Orcish Mines
 23709 | Orc:2    | Found Hiessask's Magic Scroll Emporium.
 23715 | Orc:2    | Bought a scroll of acquirement for 936 gold pieces
 23716 | Orc:2    | Acquired the amulet of Birdsong {Regen+ rCorr Str+3}
 24044 | Orc:2    | Found a staircase to the Elven Halls.
 24149 | Orc:2    | Found Zauhil's Armour Shop.
 24606 | Orc:1    | Reached skill level 10 in Invocations
 24704 | Orc:2    | Found Oqudiutife's Antique Armour Shop.
 24706 | Orc:2    | Found Ereafre's Antique Weapon Boutique.
 24838 | Elf:1    | Entered Level 1 of the Elven Halls
 24893 | Elf:1    | Noticed Asterion
 24901 | Elf:1    | Killed Asterion
 24968 | Elf:1    | Identified the +1 robe of Bueghi {Stlth+}
 25009 | Elf:1    | Noticed Nikola
 25020 | Elf:1    | Killed from afar by Nikola

Illustrated notes

Levels and vault maps discovered:
D:1:      dpeg_arrival_ratfight, layout_loops_cross,
          ebering_ecumenical_altar_box
D:2:      layout_basic, minmay_tetromino_i4
D:3:      layout_loops_ring, nicolae_gozag_seed_capital
D:4:      layout_loops_cross, mainiacjoe_overflow_alcove_3
D:5:      layout_basic
D:6:      layout_basic, mainiacjoe_overflow_concentric_impassable,
          amcnicky_altar_gilded, serial_corexii_hall, corexii_hall_statues_l,
          corexii_hall_statues_i, chequers_hall_statues_y,
          corexii_hall_statues_l, chequers_serial_rivers_micro_c,
          nicolae_elemental_shop
D:7:      layout_loops_ring, minmay_temple_entry_ruins, kennysheep_diamond
D:8:      layout_loops_cross, serial_shops,
          nicolae_shop_temple_entry_statues_fountains, uniq_maggie, uniq_psyche,
          uniq_grum
D:9:      layout_long_grid, mainiacjoe_overflow_surrounded_room,
          lair_entry_dummy, gammafunk_ghost_icy, enter_bailey_7, kennysheep_nub
D:10:     layout_basic, kennysheep_generic_room_3
D:11:     layout_loops_ring
D:12:     kennysheep_spiral_hall, layout_long_grid, david_orc_5, eino_jars
Temple:   minmay_temple_curvy_branch
Lair:1:   layout_roguey, ebering_ghost_reflecting_pool
Lair:2:   layout_roguey, serial_bayou_pond_a
Lair:3:   layout_regular_city, uniq_gastronok
Lair:4:   layout_cellular_growth, shoals_dummy_entry,
          spider_nest_entry_web_field, basic_altar, minmay_lair_oklob_items,
          serial_bayou_shore_b, infiniplex_staircase_pool, serial_bayou_shore_a
Lair:5:   layout_cave_pods, slime_altar_1, kennysheep_rathole
Lair:6:   grunt_lair_end_beastmaster, layout_cave_shapes,
          infiniplex_staircase_pool_2, grunt_megastairs_5
Orc:1:    layout_diamond_mine
Orc:2:    grunt_orc_community_town_hall, layout_diamond_mine,
          grunt_orc_community_big_house_2, grunt_orc_community_big_house_2,
          grunt_orc_community_house_1, grunt_orc_community_house_1,
          grunt_orc_community_house_3, grunt_orc_community_house_3
Elf:1:    layout_geoelf_octagon, mu_enter_wizlab_5,
          kennysheep_underground_church, david_greed, uniq_nikola, uniq_asterion

Skill      XL: |  1  2  3  4  5  6  7  8  9 10 11 12 13 14 15 16 |
---------------+-------------------------------------------------+-----
Maces & Flails | 3 4 5 7 9 11 12 13 14 | 14.0
Armour         | 4 5 6 8 9 10 11 12 13 | 13.1
Fighting       | 4 5 6 7 9 10 12 13 14 15 | 15.8
Shields        | 4 5 |  5.0
Throwing       | 1 2 3 5 6 7 8 |  8.0
Invocations    | 3 5 6 7 8 10 | 10.0
Dodging        | 1 3 4 5 |  5.1

Action                   |  1- 3 |  4- 6 |  7- 9 | 10-12 | 13-15 | 16-18 || total
-------------------------+-------+-------+-------+-------+-------+-------++-------
Melee: Flail             |   150 |    24 |       |       |       |       ||   174
       Mace              |       |   179 |   280 |       |       |       ||   459
       Morningstar       |       |       |    37 |       |       |       ||    37
       Dire flail        |       |       |    14 |   404 |   317 |   478 ||  1213
       Unarmed           |       |       |       |     5 |       |       ||     5
Throw: Dart              |       |     2 |       |       |       |       ||     2
       Javelin           |       |     8 |     1 |       |       |       ||     9
Invok: Heroism           |       |       |       |     8 |     2 |     4 ||    14
  Use: Potion            |       |     1 |     2 |     2 |     2 |       ||     7
       Scroll            |       |       |     3 |    12 |    11 |     1 ||    27
Armor: Scale mail        |    98 |    73 |       |       |       |       ||   171
       Chain mail        |       |    44 |   234 |   218 |    75 |       ||   571
       Plate armour      |       |       |       |       |   130 |   230 ||   360
Dodge: Dodged            |    77 |    94 |   122 |   138 |   117 |   165 ||   713
Block: Buckler           |    39 |    42 |    40 |       |       |       ||   121
       Other             |       |       |       |    44 |    52 |    61 ||   157
       Reflection        |       |       |       |     1 |       |     4 ||     5

Table legend: (Time is in decaauts)
 A = Elapsed time spent in this place.
 B = Non-inter-level travel time spent in this place.
 C = Inter-level travel time spent in this place.
 D = Time resting spent in this place.
 E = Time spent auto-exploring this place.
 F = Levels seen in this place.
 G = Mean time per level.
                   A        B        C        D        E       F      G
               +--------+--------+--------+--------+--------+-----+--------+
         Total |  24747 |  23140 |   1607 |   3854 |  15025 |  23 | 1076.0 |
       Dungeon |  15405 |  14356 |   1049 |   3103 |   8444 |  12 | 1283.8 |
        Temple |    289 |    269 |     20 |      0 |    265 |   1 |  289.0 |
          Lair |   7043 |   6640 |    403 |    691 |   4880 |   6 | 1173.8 |
  Orcish Mines |   1826 |   1692 |    134 |     27 |   1342 |   2 |  913.0 |
   Elven Halls |    171 |    171 |      0 |     33 |     94 |   1 |  171.0 |
        Bailey |     11 |     11 |      0 |      0 |      0 |   1 |   11.0 |
               +--------+--------+--------+--------+--------+-----+--------+

Top non-repeatable levels by time:
     D:5: 1741 daAuts
     D:8: 1664 daAuts
     D:9: 1544 daAuts
  Lair:4: 1446 daAuts
     D:3: 1446 daAuts
  Lair:6: 1373 daAuts
     D:7: 1337 daAuts
     D:2: 1304 daAuts
   Orc:2: 1265 daAuts
     D:6: 1239 daAuts
  Lair:5: 1209 daAuts
  Lair:3: 1158 daAuts
    D:11: 1145 daAuts
    D:12: 1061 daAuts
    D:10: 1000 daAuts
